 Dungeon Crawl Stone Soup version 0.25-a0-803-g58bd18402a (webtiles) character file.

Game seed: 11426160276233216950, levelgen mode: deterministic

3001 Fukker the Basher (level 9, -5/61 HPs)
             Began as a Demonspawn Gladiator on Apr 19, 2020.
             Was a Believer of Makhleb.
             Killed by divine providence
             ... invoked by an orc priest
              (12 damage)
             ... on level 8 of the Dungeon.
             The game lasted 00:20:41 (7604 turns).

Fukker the Basher (Demonspawn Gladiator)            Turns: 7604, Time: 00:20:42

Health: -5/61      AC:  9    Str: 20    XL:     9   Next: 54%
Magic:  9/9        EV: 13    Int: 11    God:    Makhleb [**....]
Gold:   54         SH:  0    Dex: 20    Spells: 8/8 levels left

rFire    . . .     SeeInvis .   N - +5 hunting sling of Gerrudyk {speed, Str+3 Dex+6}
rCold    . . .     Gourm    .   (no shield)
rNeg     . . .     Faith    .   b - +0 leather armour
rPois    .         Spirit   .   c - +0 helmet
rElec    .         Reflect  .   J - scarf {repulsion}
rCorr    .         Harm     .   (no gloves)
MR       .....                  e - +0 pair of boots
Stlth    ++........             y - amulet of magic regeneration
HPRegen  0.20/turn              (no ring)
MPRegen  0.36/turn              (no ring)

@: repel missiles
A: claws 2, icy blue scales 2, powered by death 1
a: Minor Destruction, Renounce Religion


You were on level 8 of the Dungeon.
You worshipped Makhleb.
Makhleb was pleased with you.
You were not hungry.

You visited 2 branches of the dungeon, and saw 9 of its levels.

You collected 402 gold pieces.
You spent 348 gold pieces at shops.

Inventory:

Hand Weapons
 q - a +2 flail of draining
 B - a +4 flail
 C - a +2 spear of pain
 N - the +5 hunting sling of Gerrudyk (weapon) {speed, Str+3 Dex+6}
   (You found it on level 7 of the Dungeon)

   Attacks with this weapon are significantly faster.
   It affects your strength (+3).
   It affects your dexterity (+6).
Missiles
 d - 2 throwing nets
 g - 200 stones (quivered)
 h - 19 sling bullets
 j - 59 poisoned darts
 m - 109 arrows
 r - 2 silver boomerangs
 z - 8 javelins
 A - 10 boomerangs
 D - 43 bolts
Armour
 b - a +0 leather armour (worn)
 c - a +0 helmet (worn)
 e - a +0 pair of boots (worn)
 x - a +0 cloak
 J - a scarf of repulsion (worn)
Jewellery
 y - an amulet of magic regeneration (around neck)
Wands
 k - a wand of paralysis (10)
 p - a wand of flame (8)
 E - a wand of polymorph (11)
Scrolls
 l - a scroll of noise
 n - 6 scrolls of teleportation
 o - 2 scrolls of enchant armour
 u - 2 scrolls of identify
 w - 3 scrolls of magic mapping
 G - 2 scrolls of blinking
 H - 2 scrolls of fear
 K - 2 scrolls of enchant weapon
Potions
 a - a potion of resistance
 i - 2 potions of degeneration
 s - 2 potions of brilliance {unknown}
 t - 2 potions of might {unknown}
 v - 3 potions of curing
 F - a potion of mutation {unknown}
 L - a potion of invisibility {unknown}
 M - a potion of magic {unknown}
 O - a potion of ambrosia {unknown}
Comestibles
 f - 6 rations


   Skills:
 - Level 2.0 Fighting
 + Level 10.2(10.5) Maces & Flails
   Level 4.0(7.6) Staves
 + Level 1.5(2.6) Slings
 - Level 3.2(3.4) Throwing
 + Level 4.5 Armour
 - Level 2.6 Dodging
 + Level 0.4 Evocations


You had 8 spell levels left.
You didn't know any spells.
Your spell library contained the following spells:

 Spells                   Type           Power        Failure   Level  Hunger
 Animate Skeleton         Necr           N/A          38%         1    ##.....
 Apportation              Tloc           #.....       38%         1    ##.....
 Corona                   Hex            #......      38%         1    ##.....
 Summon Small Mammal      Summ           #...         38%         1    ##.....


Dungeon Overview and Level Annotations

Branches:
Dungeon (8/15)             Temple (1/1) D:4
   Lair: D:8-11

Altars:
Ashenzari
Cheibriados
Dithmenos
Elyvilon
Gozag
Hepliaklqana
Makhleb
Nemelex Xobeh
Okawaru
Qazlal
Ru
Trog
Uskayaw
Vehumet
Wu Jian
Xom
Zin
The Shining One

Shops:
D:7 ?!


Innate Abilities, Weirdness & Mutations

You have very sharp fingernails.
You are mostly covered in icy blue scales. (AC +3)
You regenerate a little health from kills.


Message History

The bullfrog is severely wounded.
You hear the faint creaking of a very distant portcullis.
The bullfrog hits you!
The orc warrior hits you from afar with a +2 halberd of venom!!
* * * LOW HITPOINT WARNING * * *
You are lethally poisoned!
* * * LOW HITPOINT WARNING * * *
You feel very sick. The bullfrog misses you.
It was a potion of curing.
You feel better. The bullfrog barely misses you.
The bullfrog hits you but does no damage.
The orc warrior closely misses you. The bullfrog hits you.
* * * LOW HITPOINT WARNING * * *
The bullfrog closely misses you. The bullfrog hits you!
* * * LOW HITPOINT WARNING * * *
The orc priest mumbles some strange prayers to Beogh against you.
Beogh smites you!
You die...

#.(( #..# ##..(####..+
#....(.J...#
#..!.....o.#
##.....o...#
#..##.###o# #..
#.###.######## ....
#....F..#....# ....
#....@..#....+ .##.
#..##..###...#
##..##..###...######
.....!.........#...#
................#...#
#######+..#+#..# ..#
######...# #..##..#####
.........###...<.......
.......................


You could see an orc warrior, a bullfrog and an orc priest.

Vanquished Creatures
  2 hippogriffs
  Eustachio (D:4)
  3 sky beasts
  3 ogres
  A phantom (D:4)
  A centaur (D:5)
  2 bullfrogs
  A scorpion (D:5)
  3 wights (D:7)
  5 howler monkeys
  4 crimson imps (D:5)
  A bullfrog zombie (D:5)
  3 hounds
  A centaur skeleton (D:7)
  Crazy Yiuf (D:2)
  3 orc priests (D:7)
  Ijyb (D:5)
  A bullfrog skeleton (D:6)
  10 orc wizards
  Terence (D:2)
  Natasha (thrice) (D:2)
  An iguana (D:5)
  5 worker ants
  A hound zombie (D:3)
  A howler monkey zombie (D:6)
  10 gnolls
  4 adders
  2 oozes (D:2)
  2 adder skeletons
  An adder zombie (D:3)
  3 worms
  2 dart slugs
  2 leopard geckos
  28 orcs
  7 bats
  7 giant cockroaches
  7 goblins
  7 hobgoblins
  20 jackals
  6 kobolds
  5 quokkas
  4 ball pythons
  A ball python skeleton (D:3)
  A ball python zombie (D:3)
  10 frilled lizards
  A giant cockroach zombie (D:3)
  A jackal skeleton (D:3)
  A jackal zombie (D:3)
  A leopard gecko skeleton (D:3)
  A quokka skeleton (D:5)
  11 rats
204 creatures vanquished.

Notes
Turn   | Place    | Note
-------+----------+-------------------------------------------
     0 | D:1      | Fukker the Demonspawn Gladiator began the quest for the
                  | Orb.
     0 | D:1      | Reached XP level 1. HP: 16/16 MP: 1/1
   198 | D:1      | Gained mutation: You are partially covered in icy blue
                  | scales. (AC +2) [demonic ancestry]
   198 | D:1      | Reached XP level 2. HP: 20/22 MP: 2/2
   519 | D:1      | Reached XP level 3. HP: 26/27 MP: 3/3
  1054 | D:2      | Noticed Terence
  1063 | D:2      | Killed Terence
  1063 | D:2      | Reached skill level 1 in Armour
  1375 | D:2      | Found a sacrificial altar of Ru.
  1507 | D:2      | Noticed Natasha
  1517 | D:2      | Killed Natasha
  1517 | D:2      | Gained mutation: You have sharp fingernails. [demonic
                  | ancestry]
  1517 | D:2      | Reached XP level 4. HP: 5/33 MP: 4/4
  1889 | D:2      | Found a runed translucent door.
  1890 | D:2      | Noticed Crazy Yiuf
  1897 | D:2      | Noticed Natasha
  1902 | D:2      | Killed Natasha
  1969 | D:2      | Reached skill level 1 in Maces & Flails
  2045 | D:2      | Gained mutation: You regenerate a little health from kills.
                  | [demonic ancestry]
  2045 | D:2      | Reached XP level 5. HP: 32/38 MP: 5/5
  2154 | D:2      | Noticed Natasha
  2159 | D:2      | Killed Natasha
  2159 | D:2      | Reached skill level 2 in Maces & Flails
  2460 | D:2      | Killed Crazy Yiuf
  2675 | D:3      | Reached XP level 6. HP: 40/44 MP: 6/6
  2684 | D:3      | Reached skill level 3 in Maces & Flails
  3049 | D:3      | Reached skill level 4 in Maces & Flails
  3493 | D:4      | Gained mutation: You are mostly covered in icy blue scales.
                  | (AC +3) [demonic ancestry]
  3493 | D:4      | Reached XP level 7. HP: 44/50 MP: 7/7
  3737 | D:4      | Found a staircase to the Ecumenical Temple.
  3770 | Temple   | Entered the Ecumenical Temple
  3787 | Temple   | Became a worshipper of Makhleb the Destroyer
  3931 | D:4      | Noticed Eustachio
  3983 | D:5      | Entered Level 5 of the Dungeon
  3997 | D:5      | Reached skill level 5 in Maces & Flails
  4087 | D:4      | Killed Eustachio
  4283 | D:5      | Reached skill level 6 in Maces & Flails
  4581 | D:5      | Gained mutation: You have very sharp fingernails. [demonic
                  | ancestry]
  4581 | D:5      | Reached XP level 8. HP: 55/56 MP: 8/8
  4732 | D:5      | Reached skill level 7 in Maces & Flails
  4767 | D:5      | Reached * piety under Makhleb
  5042 | D:5      | Reached skill level 8 in Maces & Flails
  5096 | D:5      | Found a shadowy altar of Dithmenos.
  5277 | D:5      | Noticed Ijyb
  5299 | D:5      | Killed Ijyb
  5646 | D:6      | Found an iron altar of Okawaru.
  5646 | D:6      | Found a snail-covered altar of Cheibriados.
  5647 | D:6      | Found a bloodstained altar of Trog.
  6172 | D:6      | Reached skill level 9 in Maces & Flails
  6172 | D:6      | Reached XP level 9. HP: 61/61 MP: 9/9
  6726 | D:6      | Found an opulent altar of Gozag.
  6853 | D:7      | Found Hucuabla's Distillery.
  6859 | D:7      | Bought a potion of resistance for 110 gold pieces
  6883 | D:7      | Found Liwnaivi's Magic Scroll Boutique.
  6895 | D:7      | Bought a scroll of blinking for 105 gold pieces
  6895 | D:7      | Bought a scroll of teleportation for 42 gold pieces
  6895 | D:7      | Bought a scroll of fear for 49 gold pieces
  6895 | D:7      | Bought a scroll of teleportation for 42 gold pieces
  6908 | D:7      | Found a white marble altar of Elyvilon.
  7105 | D:7      | Reached ** piety under Makhleb
  7198 | D:7      | Got an ichor-stained hunting sling
  7199 | D:7      | Identified the +5 hunting sling of Gerrudyk {speed, Str+3
                  | Dex+6} (You found it on level 7 of the Dungeon)
  7353 | D:7      | Reached skill level 10 in Maces & Flails
  7553 | D:8      | Reached skill level 1 in Slings
  7596 | D:8      | HP: 3/61 [poisoned by an orc warrior]
  7604 | D:8      | Killed from afar by an orc priest

Levels and vault maps discovered:
D:1:      minmay_arrival_nine_rooms, layout_basic
D:2:      layout_basic, nicolae_ru_sacrificial_ziggurat, uniq_terence,
          uniq_natasha, uniq_crazy_yiuf_cottage
D:3:      layout_basic, serial_undead, serial_undead_e, serial_undead_f,
          serial_undead_d, serial_undead_f, serial_undead_c, serial_undead_a
D:4:      layout_loops_cross, minmay_temple_entry_junction, uniq_eustachio
D:5:      layout_gridville, lemuel_doored_altar, first_ration, uniq_ijyb
D:6:      layout_layer_cave, chequers_temple_overflow_statue_of_worship,
          marbit_many_paths, serial_rivers, chequers_serial_rivers_large_a,
          chequers_serial_rivers_small_3, chequers_serial_rivers_micro_e,
          chequers_serial_rivers_micro_d, chequers_serial_rivers_micro_d,
          chequers_serial_rivers_micro_d
D:7:      layout_cave_pools, lemuel_round_altar, serial_shops, shop, shop
D:8:      layout_gridville, serial_shops, kennysheep_mini_moat,
          nicolae_shop_window_shopping, enter_bailey_8
Temple:   cyrus_circular_temple

Skill      XL: |  1  2  3  4  5  6  7  8  9 |
---------------+----------------------------+-----
Staves         | 3 4 |  4.0
Throwing       | 2 3 |  3.2
Armour         | 1 2 3 4 |  4.5
Maces & Flails | 1 2 4 6 9 10 | 10.2
Slings         | 1 |  1.5
Fighting       | |  2.0
Dodging        | |  2.6
Evocations     | |  0.4

Action                   |  1- 3 |  4- 6 |  7- 9 || total
-------------------------+-------+-------+-------++-------
Melee: Quarterstaff      |   106 |       |       ||   106
       Flail             |    10 |   255 |   354 ||   619
 Fire: Hunting sling     |       |       |    41 ||    41
Throw: Dart              |     5 |    15 |    42 ||    62
       Throwing net      |     2 |     1 |     2 ||     5
       Boomerang         |       |       |     1 ||     1
Evoke: Wand              |       |     3 |       ||     3
  Use: Scroll            |       |     3 |    11 ||    14
       Potion            |       |     2 |     2 ||     4
 Stab: Held in net/web   |     1 |       |     1 ||     2
       Sleeping          |       |     1 |     1 ||     2
  Eat: Chunk             |     2 |     7 |    10 ||    19
       Ration            |       |       |     1 ||     1
Armor: Leather armour    |    45 |   143 |   133 ||   321
       Skin              |       |       |     2 ||     2
Dodge: Dodged            |    94 |   239 |   216 ||   549
       Repelled          |       |       |     3 ||     3

Table legend:
 A = Non-vault XP
 B = Vault XP
 C = Vault XP percentage of total XP
 D = Non-vault monster count
 E = Vault monster count
 F = Vault count percentage of total count
                 A         B        C        D         E       F
            +---------+---------+-------+---------+---------+-------
      Total |    3905 |     383 |   8.9 |     190 |      14 |   6.9
            +---------+---------+-------+---------+---------+-------
        D:1 |      44 |       0 |   0.0 |      27 |       0 |   0.0
        D:2 |     197 |     112 |  36.2 |      39 |       3 |   7.1
        D:3 |     292 |      35 |  10.7 |      47 |       9 |  16.1
        D:4 |     235 |     196 |  45.5 |       5 |       1 |  16.7
        D:5 |    1226 |      40 |   3.2 |      32 |       1 |   3.0
        D:6 |     573 |       0 |   0.0 |      14 |       0 |   0.0
        D:7 |    1003 |       0 |   0.0 |      23 |       0 |   0.0
        D:8 |     335 |       0 |   0.0 |       3 |       0 |   0.0
            +---------+---------+-------+---------+---------+-------
